 Dungeon Crawl Stone Soup version 0.30.1-8-g117510f58f (webtiles) character file.

Game seed: 2141291352365286177

376 Wiggles the Chopper (level 6, 0/53 HPs)
             Began as a Minotaur Berserker on Sept 23, 2023.
             Was a Believer of Trog.
             Slain by a gnoll bouda
             ... wielding a +0 whip
              (9 damage)
             ... on level 5 of the Dungeon.
             The game lasted 00:04:21 (3822 turns).

Wiggles the Chopper (Minotaur Berserker)            Turns: 3822, Time: 00:04:22

Health: 0/53       AC:  9    Str: 28    XL:     6   Next: 44%
Magic:  5/5        EV:  9    Int:  4    God:    Trog [**....]
Gold:   209        SH:  5    Dex:  9    Spells: 5/5 levels left

rFire   + . .        B - +0 war axe
rCold   . . .        y - +2 buckler of Xualaaq {Str+4}
rNeg    . . .        j - +0 chain mail
rPois   .            (helmet restricted)
rElec   .            m - scarf {shadows}
rCorr   .            (no gloves)
SInv    .            (no boots)
Will    +....        v - amulet of magic regeneration Stlth
                     e - ring of willpower
HPRegen 0.28/turn    b - ring of protection from fire
MPRegen 0.49/turn

%: no passive effects
@: on berserk cooldown
A: horns 2, retaliatory headbutt
a: Renounce Religion, Berserk, Trog's Hand


You were on level 5 of the Dungeon.
You worshipped Trog.
Trog was pleased with you.
You visited 1 branch of the dungeon, and saw 5 of its levels.

You collected 209 gold pieces.

Inventory:

Hand Weapons
 B - a +0 war axe (weapon)
Armour
 j - a +0 chain mail (worn)
 m - a scarf of shadows (worn)
 y - the +2 buckler of Xualaaq (worn) {Str+4}
   (You found it on level 4 of the Dungeon)

   Str:       It affects your strength (+4).
Jewellery
 b - a ring of protection from fire (right hand)
 e - a ring of willpower (left hand)
 v - an amulet of magic regeneration (around neck)
Scrolls
 d - 2 scrolls of fear {unknown}
 f - 4 scrolls of enchant weapon {unknown}
 l - a scroll of silence {unknown}
 n - a scroll of fog {unknown}
 o - a scroll of identify {unknown}
 p - 2 scrolls of poison {unknown}
 s - a scroll of torment {unknown}
 u - 2 scrolls of magic mapping {unknown}
 x - 3 scrolls of noise {unknown}
Potions
 c - a potion of mutation {unknown}
 g - a potion of haste {unknown}
 h - 2 potions of lignification {unknown}
 i - a potion of brilliance {unknown}
 k - a potion of degeneration {unknown}
 q - a potion of flight {unknown}
 r - a potion of curing {unknown}
 t - a potion of resistance {unknown}
 w - a potion of might {unknown}
 z - a potion of berserk rage {unknown}
 A - a potion of cancellation {unknown}


   Skills:
 + Level 4.7 Fighting
 + Level 6.2 Axes
 + Level 4.5 Armour
 + Level 3.0 Dodging
 + Level 1.5 Stealth
 + Level 1.1 Shields


You had 5 spell levels left.
You didn't know any spells.
Your spell library was empty.

Dungeon Overview and Level Annotations

Branches:
Dungeon (5/15)
 Temple: D:4-7

Altars:


Innate Abilities, Weirdness & Mutations

You have a pair of horns on your head.
You reflexively headbutt those who attack you in melee.


Message History

Trog accepts your kill. The gnoll hits you but does no damage.
You slash the gnoll!
You kill the gnoll!
Trog accepts your kill.
Your Shields skill increases to level 1!
Things that are here:
a +0 club; a +0 halberd; a gnoll corpse A dart slug comes into view.
You are too injured to fight recklessly!
You are too injured to fight recklessly!
A gnoll bouda comes into view. It is wielding a +0 whip.
The dart slug launches a dart at you. You block the slug dart.
The gnoll bouda gazes fiercely through you!
You feel your attacks grow feeble.
Things that are here:
a +0 club; a +0 halberd; a gnoll corpse The gnoll bouda barks out a call to the hunt!
A gnoll comes into view. It is wielding a +0 flail.
The dart slug launches a dart at you. The slug dart misses you.
A gnoll comes into view. It is wielding a +0 flail.
You hear a shout!
A gnoll comes into view. It is wielding a +0 whip.
The gnoll shouts! x2
The gnoll bouda hits you with a +0 whip.
The gnoll barely misses you.
The gnoll bouda hits you with a +0 whip.
You slash the gnoll bouda!
The gnoll bouda is heavily wounded.
You barely miss the gnoll.
You feel yourself speed up.
Your attacks no longer feel as feeble.
The gnoll hits you with a +0 flail. The gnoll closely misses you.
You furiously retaliate!
You headbutt the gnoll! You block the gnoll bouda's attack.
You block the gnoll's attack. The gnoll hits you with a +0 flail!
* * * LOW HITPOINT WARNING * * *
The gnoll bouda hits you with a +0 whip!
You die...

#...... .. #..... ...
#.... ..≈ .... ....##...
#....##g......
#.....g.....# #.
#...wg@..?.##. .. #.
.###....g........ #...+.
........#........ #...#.
........#).......# ...##
.......!.#####....######..
#.......#................
#....))..................
#....))..................
..$.......................


You could see a gnoll bouda, 3 gnolls and a dart slug.

Vanquished Creatures
  A phantom (D:5)
  A scorpion (D:4)
  A jelly (D:5)
  An orc priest (D:5)
  An iguana (D:5)
  5 gnolls (D:5)
  3 adders
  2 dart slugs (D:1)
  12 orcs
  2 bats
  3 endoplasms
  3 giant cockroaches
  6 goblins
  7 hobgoblins
  4 jackals (D:5)
  2 kobolds
  A quokka (D:1)
  4 ball pythons
  A frilled lizard (D:1)
  5 rats
65 creatures vanquished.

Notes
Turn   | Place    | Note
-------+----------+-------------------------------------------
     0 | D:1      | Wiggles the Minotaur Berserker began the quest for the Orb.
     0 | D:1      | Reached XP level 1. HP: 19/19 MP: 0/0
   222 | D:1      | Reached skill level 4 in Axes
   222 | D:1      | Reached XP level 2. HP: 27/27 MP: 1/1
  1001 | D:2      | Reached XP level 3. HP: 33/33 MP: 2/2
  1270 | D:2      | Reached ** piety under Trog
  2956 | D:4      | Identified the +2 buckler of Xualaaq {Str+4}
  3289 | D:4      | Reached XP level 4. HP: 40/40 MP: 3/3
  3353 | D:4      | Noticed a scorpion
  3357 | D:4      | Killed a scorpion
  3358 | D:4      | Reached skill level 5 in Axes
  3489 | D:5      | Entered Level 5 of the Dungeon
  3495 | D:5      | Reached XP level 5. HP: 39/47 MP: 4/4
  3598 | D:5      | Noticed a phantom
  3605 | D:5      | Killed a phantom
  3633 | D:5      | Reached skill level 6 in Axes
  3640 | D:5      | Reached XP level 6. HP: 25/53 MP: 5/5
  3742 | D:5      | Reached skill level 1 in Stealth
  3814 | D:5      | Reached skill level 1 in Shields
  3822 | D:5      | Slain by a gnoll bouda

Illustrated notes

Levels and vault maps discovered:
D:1:      elethiomel_arrival_maze, layout_basic, minmay_tromino_v4_b
D:2:      minmay_general_purpose_star, layout_loops_corners
D:3:      layout_basic
D:4:      layout_loops_ring
D:5:      layout_basic, serial_rivers, chequers_serial_rivers_micro_d,
          chequers_serial_rivers_micro_e, chequers_serial_rivers_small_b,
          chequers_serial_rivers_small_b

Skill      XL: |  1  2  3  4  5  6 |
---------------+-------------------+-----
Axes           | 4 5 6 |  6.2
Fighting       | 4 |  4.7
Armour         | 3 4 |  4.5
Dodging        | 3 |  3.0
Stealth        | 1 |  1.5
Shields        | 1 |  1.1

Action                     |  1- 3 |  4- 6 || total
---------------------------+-------+-------++-------
  Melee: Hand axe          |    91 |     9 ||   100
         Headbutt          |    13 |     6 ||    19
         War axe           |       |    39 ||    39
 Invoke: Berserk           |       |     2 ||     2
 Armour: Chain mail        |    20 |    22 ||    42
         Animal skin       |     4 |       ||     4
  Dodge: Dodged            |    53 |    39 ||    92
  Block: Buckler           |     1 |    27 ||    28
